 Dungeon Crawl Stone Soup version 0.29-a0-721-g7f417c9bbb (webtiles) character file.

Game seed: 10381526248269486192

68574 Zonian the Covert (level 15, -4/70 HPs)
             Began as a Vine Stalker Ice Elementalist on June 27, 2022.
             Was an Elder of Ashenzari.
             Slain by a skeletal warrior
             ... wielding a +1 vorpal trident
              (19 damage)
             ... on level 15 of the Dungeon.
             The game lasted 01:45:24 (25943 turns).

Zonian the Covert (Vine Stalker Ice Elementalist)  Turns: 25943, Time: 01:45:26

Health: -4/70      AC:  9    Str: 12    XL:     15   Next: 27%
Magic:  0/43       EV: 18    Int: 19    God:    Ashenzari [****..]
Gold:   1107       SH:  7    Dex: 27    Spells: 20/42 levels left

rFire   . . .      SeeInvis +   q - +7 short sword of the Spheres {speed, rPois MP+9 Dex+4}
rCold   . . .      Faith    .   P - +0 buckler of Ashenzari's Boredom {Fort, Self} (curse)
rNeg    . . .      Spirit   +   B - +3 leather armour of the Esoteric Orthodoxy {rPois, Fort, Range} (curse)
rPois   +          Reflect  .   a - +0 helmet "I Knew You'd Do That" {Alch, Melee} (curse)
rElec   .          Harm     .   e - +0 cloak of Ashenzari's Repose {Range, Self} (curse)
rCorr   .          Rampage  .   (no gloves)
Will    +....      Clarity  +   Q - +0 pair of boots of Supernal Gnosis {Elem, Melee} (curse)
Stlth   ++++++....              X - amulet of the Revealing Altruism {Acrobat, Range, Alch} (curse)
HPRegen 1.01/turn               S - +4 ring of evasion
MPRegen 0.28/turn               m - ring of the Enigmatic Heavens {Dex+6, Fort, Bglg} (curse)

@: on blink cooldown, studying Polearms
A: fangs 3, regeneration 1, magic shield, antimagic bite, no potion heal 2
a: Renounce Religion, Curse Item, Shatter the Chains


You were on level 15 of the Dungeon.
You worshipped Ashenzari.
Ashenzari was greatly pleased with you.
You visited 3 branches of the dungeon, and saw 19 of its levels.
You visited the Abyss 1 time.
You also visited: Bailey.

You collected 1107 gold pieces.

Inventory:

Hand Weapons
 q - the +7 short sword of the Spheres (weapon) {speed, rPois MP+9 Dex+4}
   (You found it on level 4 of the Dungeon)

   Attacks with this weapon are significantly faster.
   Dex:       It affects your dexterity (+4).
   rPois:     It protects you from poison.
   MP:        It affects your magic capacity (+9).
 u - a +4 dagger of venom
 x - a +2 war axe of flaming
 H - the +10 hand axe of Focus {drain, rPois Int-3 Dex+4}
   (You found it on level 8 of the Dungeon)

   A truly terrible weapon, it drains the life of any living foe it strikes.
   Int:       It affects your intelligence (-3).
   Dex:       It affects your dexterity (+4).
   rPois:     It protects you from poison.
 K - the +5 long sword "Bayfrihuri" {vorpal, rF++ Will+}
   (You took it off a centaur on level 8 of the Dungeon)

   It inflicts extra damage upon your enemies.
   rF:        It greatly protects you from fire.
   Will:      It increases your willpower.
 L - a +0 scimitar of flaming
 T - a +4 sling of flaming
Missiles
 d - 4 silver javelins
 o - 15 boomerangs
 N - 4 throwing nets
 V - 9 curare-tipped darts
Armour
 a - the cursed +0 helmet "I Knew You'd Do That" (worn) {Alch, Melee}
   (You found it on level 8 of the Dungeon)

   It has a curse which improves the following skills: Alchemy: Poison Magic and
   Transmutations.
   Melee Combat: Short Blades, Long Blades, Axes, Maces & Flails, Polearms,
   Staves and Unarmed Combat.
 e - the cursed +0 cloak of Ashenzari's Repose (worn) {Range, Self}
   (You found it on level 13 of the Dungeon)

   It has a curse which improves the following skills: Ranged Combat: Ranged
   Weapons and Throwing.
   Introspection: Fighting and Spellcasting.
 v - an orb of energy
 B - the cursed +3 leather armour of the Esoteric Orthodoxy (worn) {rPois, Fort, Range}
   (You took it off Eustachio on level 6 of the Dungeon)

   It has a curse which improves the following skills: Fortitude: Armour and
   Shields.
   Ranged Combat: Ranged Weapons and Throwing.
 P - the cursed +0 buckler of Ashenzari's Boredom (worn) {Fort, Self}
   (You found it on level 5 of the Dungeon)

   It has a curse which improves the following skills: Fortitude: Armour and
   Shields.
   Introspection: Fighting and Spellcasting.
 Q - the cursed +0 pair of boots of Supernal Gnosis (worn) {Elem, Melee}
   (You found it on level 15 of the Dungeon)

   It has a curse which improves the following skills: Elements: Fire Magic, Ice
   Magic, Air Magic and Earth Magic.
   Melee Combat: Short Blades, Long Blades, Axes, Maces & Flails, Polearms,
   Staves and Unarmed Combat.
Magical Staves
 n - a staff of cold
Jewellery
 g - a ring of wizardry
 i - a ring of protection from cold
 k - a ring of fire
 m - the cursed ring of the Enigmatic Heavens (right hand) {Dex+6, Fort, Bglg}
   (You found it on level 7 of the Dungeon)

   [ring of dexterity]

   Dex:       It affects your dexterity (+6).
   It has a curse which improves the following skills: Fortitude: Armour and
   Shields.
   Beguiling: Conjurations, Hexes and Translocations.
 p - a ring of poison resistance
 J - a ring of resist corrosion
 S - a +4 ring of evasion (left hand)
 X - the cursed amulet of the Revealing Altruism (around neck) {Acrobat, Range, Alch}
   (You found it on level 1 of the Lair of Beasts)

   [amulet of the acrobat]

   It increases your evasion while moving and waiting.
   It has a curse which improves the following skills: Ranged Combat: Ranged
   Weapons and Throwing.
   Alchemy:   Poison Magic and Transmutations.
Wands
 c - a wand of iceblast (5)
 w - a wand of polymorph (12)
 A - a wand of digging (2)
 F - a wand of flame (54)
 I - a wand of mindburst (21)
 R - a wand of paralysis (17)
 W - a wand of light (10)
Scrolls
 h - 5 scrolls of teleportation
 y - a scroll of silence
 D - 2 scrolls of magic mapping
 E - 3 scrolls of poison
 Z - a scroll of fog
Potions
 b - 2 potions of attraction
 f - 10 potions of curing
 l - 3 potions of ambrosia
 r - 9 potions of lignification
 s - 3 potions of brilliance
 z - 3 potions of flight
 C - 4 potions of cancellation
 G - 2 potions of mutation
 M - a potion of resistance
 Y - 2 potions of might
Miscellaneous
 j - a box of beasts
 O - a piece from Xom's chessboard (15/15)


   Skills:
 + Level 2.1(4.3) Fighting
 + Level 9.8(12.7) Short Blades
 + Level 4.2 Dodging
 + Level 14.1 Stealth
 - Level 2.2(5.1) Shields
 + Level 11.1(14.1) Spellcasting
 + Level 10.1(12.1) Conjurations
 + Level 4.2 Summonings
 + Level 11.6(13.5) Ice Magic
 + Level 7.6(9.7) Earth Magic
 + Level 6.6 Evocations


You had 20 spell levels left.
You knew the following spells:

 Your Spells              Type           Power      Damage    Failure   Level
a - Freeze                Ice            100%       1d11      1%          1
b - Frozen Ramparts       Ice            100%       1d12      1%          3
c - Ozocubu's Armour      Ice            60%        N/A       1%          3
d - Hailstorm             Conj/Ice       58%        3d13      1%          4
e - Stone Arrow           Conj/Erth      100%       3d13      1%          3
f - Summon Ice Beast      Ice/Summ       47%        N/A       1%          4
g - Blink                 Tloc           28%        N/A       11%         2
h - Call Imp              Summ           29%        N/A       2%          2

Your spell library contained the following spells:

 Spells                   Type           Power      Damage    Failure   Level
 Magic Dart               Conj           100%       1d8       1%          1
 Sandblast                Erth           100%       2d20      1%          1
 Passwall                 Tmut/Erth      26%        N/A       1%          2
 Searing Ray              Conj           100%       2d8       1%          2
 Iskenderun's Battlesphe  Conj           56%        2d11      1%          5
 Flame Wave               Conj/Fire      36%        2d9       6%          4
 Fulminant Prism          Conj/Hex       18%        3d11      6%          4
 Iron Shot                Conj/Erth      26%        9d6       14%         6
 Gell's Gravitas          Tloc           14%        N/A       22%         3
 Inner Flame              Hex/Fire       14%        N/A       22%         3
 Lesser Beckoning         Tloc           14%        N/A       22%         3
 Teleport Other           Tloc           14%        N/A       22%         3
 Cause Fear               Hex            7%         N/A       58%         4
 Manifold Assault         Tloc           14%        N/A       90%         5
 Spellforged Servitor     Conj/Summ      22%        N/A       94%         7
 Storm Form               Tmut/Air       7%         N/A       100%        7
 Discord                  Hex            7%         N/A       100%        8
 Ignition                 Fire           7%         3d4       100%        8


Dungeon Overview and Level Annotations

Branches:
Dungeon (15/15)            Temple (1/1) D:7            Lair (3/6) D:8
  Swamp (0/4) Lair:3        Snake (0/4) Lair:2          Orc (0/2) D:11
 Vaults (0/5) D:14         Depths (0/4) D:15         Bailey (visited)

Altars:
Ashenzari
Cheibriados
Dithmenos
Fedhas
Gozag
Hepliaklqana
Kikubaaqudgha
Makhleb
Nemelex Xobeh
Okawaru
Qazlal
Ru
Sif Muna
Trog
Uskayaw
Vehumet
Wu Jian
Xom
Yredelemnul
Zin
The Shining One

Shops:
D:2 (   D:5 (   D:7 :

Annotations:
D:4 1 runed translucent door, dracfodder's ghost, novice GrEE
D:5 Pikel
D:6 Grinder
D:9 Gastronok
Lair:2 zhov's ghost, journeyman FoHu


Innate Abilities, Weirdness & Mutations

You have razor-sharp teeth.
Your natural rate of healing is unusually fast.
When hurt, damage is shared between your health and your magic reserves.
Your bite disrupts and absorbs the magic of your enemies.
Potions cannot restore your health.


Message History

Okay, then.
Throw: 5 throwing nets
Press: ? - help, Shift-Dir - straight line, f/p - centaur warrior
Aim: a centaur warrior, wielding the +5 spear of Cheibriados's Pride {distort, Str+3} (moderately wounded, 73% to hit)
You throw a throwing net.
The throwing net hits the centaur warrior.
The centaur warrior is caught in the net!
The centaur warrior is moderately wounded.
The centaur warrior struggles against the net.
You block the skeletal warrior's attack.
The skeletal warrior hits you from afar with a +1 vorpal trident!
The centaur warrior struggles against the net.
Your ice beast hits the skeletal warrior but does no damage.
You hit the centaur warrior. You bite the centaur warrior. You drain its power.
You feel invigorated.
The centaur warrior is moderately wounded.
Unknown command.
The centaur warrior struggles against the net.
The net rips apart, and the centaur warrior comes free!
The skeletal warrior completely misses you.
The skeletal warrior closely misses you.
The centaur warrior completely misses you.
You feel stable enough to blink again.
The skeletal warrior attacks as you move away!
You block the skeletal warrior's attack.
There is a stone staircase leading up here.
The skeletal warrior hits you with a +0 flail!
The skeletal warrior hits you from afar with a +1 vorpal trident!
* * * LOW HITPOINT WARNING * * *
x2 The centaur warrior hits you but does no damage.
You blink.
You can't go up here!
Unknown command.
Okay, then.
Casting: Blink (safe; 11% risk of failure)
Confirm with . or Enter, or press ? or * to list all spells.
You blink.
The skeletal warrior closely misses you.
The skeletal warrior hits you from afar with a +1 vorpal trident!!
You die...

, ,**, ,,, #....#..## ,
,#...Y'..##### , , , ,,
+..###..######## ,,*+*
** #..#...........# , ,
...#...........# ,,
,....#Y§######...#
**'########z.#....#...#
*,........zc.#.{..#...#
**
.......§.@.#....#...#
,,
...........##'###...# ,
##..................# ,
, ,#####.......<......#
, , #..............#
,+.......######## , ,*
,,,#.......# , ,,,
#.......# , , *
*#.......#


You could see 2 skeletal warriors, a centaur warrior (ally target) and a
friendly ice beast (summoned).

Vanquished Creatures
  A tentacled starspawn (Abyss:3)
  A cacodemon (Abyss:3)
  A very ugly thing (D:14)
  A stone giant (D:15)
  Josephine (D:13)
  A yaktaur captain (D:14)
  A boulder beetle (D:13)
  6 hydras
  Harold (Lair:2)
  4 centaur warriors
  Erica (D:9)
  3 two-headed ogres
  5 tengu warriors
  6 thrashing horrors (Abyss:3)
  Urug (Lair:2)
  Nergalle (Lair:3)
  The ghost of zhov the Quickloader, a novice FoHu of Hepliaklqana (D:8)
  A sixfirhy (Abyss:3)
  Lodul (D:11)
  2 starcursed masses (Abyss:3)
  An orc knight (D:14)
  A wizard (D:14)
  2 manticores
  16 ugly things
  3 cyclopes
  4 black mambas (Lair:2)
  2 worldbinders (Abyss:3)
  Joseph (D:9)
  Maggie (D:6)
  3 gargoyles
  7 cane toads
  An orange demon (Abyss:3)
  2 unseen horrors
  6 komodo dragons
  A kobold demonologist (D:9)
  2 yaktaurs (D:14)
  Psyche (D:8)
  An efreet (D:13)
  An ancient zyme (Abyss:3)
  4 polar bears
  2 trolls
  A tyrant leech (Lair:3)
  A hornet (Lair:2)
  10 slime creatures
  23 blink frogs (Lair:3)
  3 spriggans (Lair:2)
  A wyvern (D:10)
  A spriggan (shapeshifter) (D:13)
  27 yaks
  2 ynoxinuls (Abyss:3)
  8 wraiths
  2 steam dragons (D:8)
  Grum (Bailey)
  Eustachio (D:6)
  3 vampire mosquitoes (D:12)
  5 large abominations (Abyss:3)
  A warg (D:14)
  An acid dragon (D:13)
  2 swamp worms (Lair:3)
  16 water moccasins
  5 orc warriors
  2 black bears
  5 sky beasts
  2 ice beasts (D:4)
  9 ogres
  A boggart (Lair:2)
  10 centaurs
  7 wolves
  A lemure (D:5)
  12 kobold brigands
  8 bullfrogs
  A necrophage (D:6)
  2 scorpions
  8 gnoll sergeants (Bailey)
  10 wights
  11 killer bees
  2 electric eels (D:8)
  5 howler monkeys
  4 hounds
  2 jellies (D:5)
  An iron imp (Abyss:3)
  An orc priest (D:7)
  4 gnoll shamans (Bailey)
  7 iguanas
  3 orc wizards
  4 hell rats (Lair:2)
  14 gnolls
  4 adders
  A shadow imp (D:7)
  A white imp (D:7)
  5 ufetubi
  5 worms
  23 orcs
  4 endoplasms
  3 giant cockroaches
  3 goblins (D:2)
  5 hobgoblins
  6 jackals
  21 kobolds
  4 quokkas
  6 ball pythons
  4 bats
  2 frilled lizards
  6 rats
455 creatures vanquished.

Vanquished Creatures (collateral kills)
  An orc warrior (D:14)
  An orc priest (D:8)
2 creatures vanquished.

Vanquished Creatures (others)
  26 fungi
  70 plants
  2 starspawn tentacles (Abyss:3)
98 creatures vanquished.

Grand Total: 555 creatures vanquished

Notes
Turn   | Place    | Note
-------+----------+-------------------------------------------
     0 | D:1      | Zonian the Vine Stalker Ice Elementalist began the quest
                  | for the Orb.
     0 | D:1      | Reached XP level 1. HP: 9/9 MP: 4/4
   400 | D:1      | Found a faded altar of an unknown god.
   514 | D:2      | Reached XP level 2. HP: 7/13 MP: 0/6
   906 | D:2      | Reached skill level 3 in Stealth
  1022 | D:2      | Reached XP level 3. HP: 16/16 MP: 5/7
  1304 | D:2      | Found Kestat's Weapon Shoppe.
  1885 | D:3      | Got the Disquisition on Blistering Illusion
  1929 | D:3      | Gained mutation: Your natural rate of healing is unusually
                  | fast. [Vine Stalker growth]
  1929 | D:3      | Reached XP level 4. HP: 9/21 MP: 1/9
  2718 | D:3      | Found a shimmering altar of Xom.
  2719 | D:3      | Found a basalt altar of Yredelemnul.
  3028 | D:4      | Learned a level 3 spell: Frozen Ramparts
  3032 | D:4      | Learned a level 3 spell: Ozocubu's Armour
  3078 | D:4      | Found a runed translucent door.
  3083 | D:4      | Noticed dracfodder's ghost (novice GrEE)
  3100 | D:4      | Identified the +7 short sword of the Spheres {speed, rPois
                  | MP+9 Dex+4}
  3315 | D:4      | Reached XP level 5. HP: 24/24 MP: 10/10
  3578 | D:5      | Entered Level 5 of the Dungeon
  3579 | D:5      | Noticed an ice beast
  3593 | D:4      | Reached skill level 4 in Stealth
  3757 | D:5      | Noticed an ice beast
  3757 | D:5      | Noticed a water moccasin
  3762 | D:4      | Killed an ice beast
  3763 | D:4      | Reached skill level 1 in Short Blades
  3763 | D:4      | Reached XP level 6. HP: 24/28 MP: 12/12
  3855 | D:4      | Killed an ice beast
  3856 | D:4      | Reached skill level 5 in Ice Magic
  4264 | D:5      | Reached XP level 7. HP: 30/32 MP: 13/13
  4375 | D:5      | Noticed Pikel
  4394 | D:5      | Found Ezxuwk's Weapon Shop.
  4882 | D:5      | Reached skill level 5 in Stealth
  5662 | D:5      | Learned a level 4 spell: Hailstorm
  5767 | D:5      | Found a shimmering blue altar of Sif Muna.
  5831 | D:5      | Gained mutation: You have razor-sharp teeth. [Vine Stalker
                  | growth]
  5831 | D:5      | Reached XP level 8. HP: 29/36 MP: 15/15
  6079 | D:6      | Noticed Maggie
  6093 | D:6      | Killed Maggie
  6094 | D:6      | Reached skill level 6 in Stealth
  6094 | D:6      | Reached skill level 1 in Conjurations
  6305 | D:6      | Reached skill level 5 in Spellcasting
  6383 | D:6      | Noticed Eustachio
  6416 | D:6      | Killed Eustachio
  6655 | D:6      | Reached skill level 7 in Stealth
  6738 | D:6      | Reached XP level 9. HP: 39/39 MP: 18/18
  7010 | D:6      | Noticed Grinder
  7601 | D:7      | Reached skill level 8 in Stealth
  7756 | D:7      | Found a staircase to the Ecumenical Temple.
  7762 | Temple   | Entered the Ecumenical Temple
  7963 | D:7      | Found Exismuk's Self-Improvement Boutique.
  8189 | D:8      | Noticed zhov's ghost (novice FoHu)
  8194 | D:8      | Found a runed translucent gate.
  8194 | D:8      | Found a runed translucent gate.
  8194 | D:8      | Found a runed translucent gate.
  8197 | D:8      | Identified the +10 hand axe of Focus {drain, rPois Int-3
                  | Dex+4}
  8502 | D:8      | Reached skill level 5 in Short Blades
  8554 | D:8      | Noticed a komodo dragon
  8565 | D:8      | Killed a komodo dragon
  8566 | D:8      | Reached XP level 10. HP: 44/44 MP: 21/21
  8575 | D:8      | Found a staircase to the Lair.
  8893 | D:8      | Noticed Psyche
  8902 | D:8      | Killed Psyche
  8903 | D:8      | Reached skill level 9 in Stealth
  8903 | D:8      | Reached skill level 5 in Conjurations
  8936 | D:8      | Identified the +5 long sword "Bayfrihuri" {vorpal, rF++
                  | Will+}
  9733 | D:9      | Noticed a two-headed ogre
  9841 | Temple   | Became a worshipper of Ashenzari the Shackled
 10020 | D:9      | Noticed Erica
 10031 | D:9      | Killed Erica
 10194 | D:9      | Found an iron altar of Okawaru.
 10195 | D:9      | Found an ancient bone altar of Kikubaaqudgha.
 10196 | D:9      | Found a blossoming altar of Fedhas.
 10197 | D:9      | Found a hide-covered altar of Uskayaw.
 10373 | D:9      | Found a flagged portal.
 10382 | Bailey   | Entered a bailey
 10945 | Bailey   | Identified the amulet of the Final Chapter {-Cast rF++
                  | Regen+ Dex+5}
 11060 | Bailey   | Reached skill level 10 in Stealth
 11076 | Bailey   | Noticed Grum
 11093 | Bailey   | Reached XP level 11. HP: 42/47 MP: 23/23
 11209 | Bailey   | Identified the +4 ring mail of the Elephant {Will+ rCorr
                  | Dex+2}
 11228 | Bailey   | Killed Grum
 12109 | D:9      | Noticed Joseph
 12125 | D:9      | Killed Joseph
 12330 | D:9      | Noticed Gastronok
 12720 | D:9      | Killed a two-headed ogre
 13311 | Lair:1   | Entered Level 1 of the Lair of Beasts
 13523 | Lair:1   | Learned a level 3 spell: Stone Arrow
 14073 | Lair:1   | Reached skill level 1 in Earth Magic
 14276 | Lair:1   | Reached * piety under Ashenzari
 14302 | Lair:1   | Noticed a four-headed hydra
 14304 | Lair:1   | Killed a four-headed hydra
 14305 | Lair:1   | Reached skill level 1 in Evocations
 14321 | Lair:1   | Found the amulet of Elemental Vulnerability {rPois rF--
                  | rC-- AC+8}
 14602 | Lair:2   | Reached skill level 11 in Stealth
 14602 | Lair:2   | Noticed Harold
 14611 | Lair:2   | Found a staircase to the Snake Pit.
 14824 | Lair:2   | Found a runed translucent door.
 14828 | Lair:2   | Identified the +0 spear of Midnight {freeze, Str+4}
 14828 | Lair:2   | Noticed a spriggan rider
 14829 | Lair:2   | Noticed zhov's ghost (journeyman FoHu)
 14860 | Lair:2   | Reached XP level 12. HP: 36/51 MP: 25/25
 15646 | Lair:2   | Noticed Urug
 15657 | Lair:2   | Killed Urug
 15871 | Lair:2   | Killed Harold
 16411 | D:8      | Killed zhov's ghost
 16438 | D:8      | Reached ** piety under Ashenzari
 17444 | Lair:3   | Noticed a five-headed hydra
 17468 | Lair:3   | Reached skill level 1 in Shields
 17753 | Lair:3   | Reached skill level 10 in Ice Magic
 17783 | Lair:3   | Reached skill level 12 in Stealth
 17993 | Lair:3   | Reached XP level 13. HP: 45/55 MP: 27/27
 18179 | Lair:3   | Noticed Nergalle
 18352 | Lair:3   | Reached skill level 5 in Earth Magic
 18653 | Lair:3   | Reached *** piety under Ashenzari
 18670 | Lair:3   | Killed Nergalle
 18867 | Lair:3   | Found a staircase to the Swamp.
 18991 | Lair:3   | Upgraded the game from 0.29-a0-717-g6dac4ea423 to
                  | 0.29-a0-721-g7f417c9bbb
 19138 | D:10     | Entered Level 10 of the Dungeon
 19853 | D:11     | Noticed Lodul
 19895 | D:11     | Reached skill level 10 in Spellcasting
 19952 | D:11     | Found a staircase to the Orcish Mines.
 20014 | D:11     | Identified the +5 ring mail of Anaesthesia {Harm}
 20435 | D:11     | Killed Lodul
 20464 | D:11     | Reached skill level 5 in Evocations
 20703 | D:12     | Reached skill level 13 in Stealth
 21010 | D:12     | Learned a level 4 spell: Summon Ice Beast
 21308 | D:12     | Reached skill level 1 in Summonings
 21359 | D:12     | Reached XP level 14. HP: 57/59 MP: 30/30
 21607 | D:13     | Reached **** piety under Ashenzari
 21685 | D:13     | Learned a level 2 spell: Blink
 22029 | D:13     | Noticed Josephine
 22146 | D:13     | Killed Josephine
 23721 | D:14     | Found a gate to the Vaults.
 23734 | D:14     | HP: 3/60 [yaktaur captain/bolt (14)]
 24405 | D:14     | Found a shadowy altar of Dithmenos.
 24718 | D:14     | Noticed a purple very ugly thing
 24772 | D:14     | Killed a purple very ugly thing
 24810 | D:14     | Identified the +0 ring mail "Nilaij" {rC++}
 24899 | D:15     | Entered Level 15 of the Dungeon
 25011 | D:15     | Found a staircase to the Depths.
 25011 | D:15     | Noticed a stone giant
 25032 | D:15     | Killed a stone giant
 25082 | D:15     | Reached skill level 1 in Fighting
 25237 | D:15     | Identified the +5 spear of Cheibriados's Pride {distort,
                  | Str+3}
 25246 | Abyss:3  | Cast into level 3 of the Abyss (centaur warrior)
 25299 | Abyss:3  | Noticed a starcursed mass
 25433 | Abyss:3  | Reached XP level 15. HP: 57/68 MP: 33/33
 25436 | Abyss:3  | Learned a level 2 spell: Call Imp
 25468 | Abyss:3  | Reached skill level 14 in Stealth
 25468 | Abyss:3  | Reached skill level 10 in Conjurations
 25638 | Abyss:3  | Noticed a bone dragon
 25716 | Abyss:3  | Found a corrupted altar of Lugonu.
 25843 | Abyss:3  | Noticed a tentacled starspawn
 25855 | Abyss:3  | Killed a tentacled starspawn
 25858 | Abyss:3  | Found a corrupted altar of Lugonu.
 25912 | Abyss:3  | Noticed a cacodemon
 25927 | Abyss:3  | Killed a cacodemon
 25930 | D:15     | Escaped the Abyss
 25943 | D:15     | Slain by a skeletal warrior

Illustrated notes

Levels and vault maps discovered:
D:1:      lemuel_arrival_lava_pool, layout_rooms,
          hellmonk_ecumenical_altar_inner_sanctum
D:2:      minmay_alternating_diamond, layout_basic, serial_shops,
          nicolae_shop_bloodbath_and_beyond, serial_corexii_hall,
          corexii_hall_statues_i, corexii_hall_statues_l
D:3:      layout_basic, gammafunk_temple_overflow_statue, st_stairs_13
D:4:      layout_cave_pools, ebering_ghost_sewer_d
D:5:      layout_cave_pods, kennysheep_mini, serial_shops, nicolae_square_shop,
          serial_park, serial_park_tiny_2, serial_park_tiny_2,
          serial_park_fountain, serial_park_tiny_pond, feat_on_display,
          uniq_pikel
D:6:      layout_cave_pools, serial_park_tiny_2, uniq_grinder, uniq_maggie,
          uniq_eustachio
D:7:      layout_gridville, temple_green, nicolae_shop_self_help
D:8:      layout_basic, david_lair_shrubbed, gammafunk_ghost_nasty_kobolds,
          kennysheep_potato, uniq_psyche
D:9:      layout_basic, mainiacjoe_overflow_alcove_3, enter_bailey_2,
          minmay_misc_feat_roman, uniq_gastronok, uniq_erica, uniq_joseph
D:10:     layout_loops_ring, nicolae_overflow_hidden_temple
D:11:     layout_roguey, orc_0_dummy, uniq_lodul, uniq_grum
D:12:     layout_loops_cross
D:13:     layout_stronghold, uniq_josephine
D:14:     kennysheep_big_flooded_room, layout_cave_pools, david_vaults_2,
          nicolae_dithmenos_through_a_glass_darkly
D:15:     grunt_enter_depths_snipers, layout_irregular_city, elyvilon_altar_3
Temple:   eino_narrow_crystal_temple
Lair:1:   layout_loops_ring, infiniplex_staircase_pool_2
Lair:2:   layout_layer_cave, minmay_snake_entry_six_corridors,
          ebering_ghost_funeral_grove, lemuel_fruit_tree, uniq_urug, uniq_harold
Lair:3:   layout_chaotic_city, palyth_hydra_swamp_entry, uniq_nergalle

Skill      XL: |  1  2  3  4  5  6  7  8  9 10 11 12 13 14 15 |
---------------+----------------------------------------------+-----
Stealth        | 3 4 5 7 8 10 11 12 13 14 | 14.1
Dodging        | 2 3 4 |  4.2
Spellcasting   | 3 4 5 6 7 8 9 10 11 | 11.1
Short Blades   | 1 2 3 5 6 7 8 9 |  9.8
Ice Magic      | 5 6 7 8 9 10 11 | 11.6
Conjurations   | 2 4 6 7 8 9 10 | 10.1
Earth Magic    | 2 4 6 7 |  7.6
Evocations     | 2 3 5 6 |  6.6
Shields        | 2 |  2.2
Summonings     | 1 3 4 |  4.2
Fighting       | 1 2 |  2.1

Action                   |  1- 3 |  4- 6 |  7- 9 | 10-12 | 13-15 || total
-------------------------+-------+-------+-------+-------+-------++-------
Melee: Dagger            |    29 |    17 |       |       |       ||    46
       Unarmed           |     3 |       |       |       |       ||     3
       Bite              |    10 |    21 |    56 |   203 |   448 ||   738
       Punch             |     3 |     2 |     5 |     2 |       ||    12
       Short sword       |       |    59 |   191 |   515 |   898 ||  1663
       Staff             |       |       |       |     4 |       ||     4
 Fire: Sling             |       |       |     6 |    34 |     3 ||    43
Throw: Javelin           |       |       |       |       |     2 ||     2
       Throwing net      |       |       |       |       |     1 ||     1
 Cast: Freeze            |    31 |    26 |    12 |     3 |     4 ||    76
       Frozen Ramparts   |       |       |     9 |    32 |    29 ||    70
       Ozocubu's Armour  |       |       |     7 |     9 |    13 ||    29
       Hailstorm         |       |       |       |    12 |    11 ||    23
       Stone Arrow       |       |       |       |     1 |     6 ||     7
       Blink             |       |       |       |       |     3 ||     3
       Summon Ice Beast  |       |       |       |       |     1 ||     1
Invok: Curse Item        |       |       |       |     3 |     4 ||     7
Evoke: Wand              |       |       |       |     9 |    30 ||    39
       Box of beasts     |       |       |       |       |     1 ||     1
  Use: Scroll            |       |    15 |     4 |     8 |     6 ||    33
       Potion            |       |       |     1 |     3 |     2 ||     6
 Stab: Sleeping          |     7 |     4 |    10 |    17 |    11 ||    49
       Distracted        |       |       |     1 |     1 |     4 ||     6
       Invisible         |       |       |       |     4 |     3 ||     7
       Paralysed         |       |       |       |       |     2 ||     2
Armor: Robe              |     9 |     9 |     1 |       |       ||    19
       Leather armour    |       |       |    17 |    57 |    77 ||   151
       Skin              |       |       |     1 |       |       ||     1
Dodge: Dodged            |    34 |    49 |    90 |   248 |   334 ||   755
Block: Buckler           |       |       |       |    17 |   162 ||   179

Table legend: (Time is in decaauts)
 A = Elapsed time spent in this place.
 B = Non-inter-level travel time spent in this place.
 C = Inter-level travel time spent in this place.
 D = Time resting spent in this place.
 E = Time spent auto-exploring this place.
 F = Levels seen in this place.
 G = Mean time per level.
                   A        B        C        D        E       F      G
               +--------+--------+--------+--------+--------+-----+--------+
         Total |  25136 |  23883 |   1253 |   8285 |   9436 |  21 | 1197.0 |
       Dungeon |  17862 |  16846 |   1016 |   5674 |   7296 |  15 | 1190.8 |
        Temple |    238 |    208 |     30 |      0 |    165 |   1 |  238.0 |
          Lair |   5098 |   4892 |    206 |   1516 |   1938 |   3 | 1699.3 |
         Abyss |    580 |    580 |      0 |    209 |      0 |   1 |  580.0 |
        Bailey |   1357 |   1357 |      0 |    885 |     36 |   1 | 1357.0 |
               +--------+--------+--------+--------+--------+-----+--------+

Top non-repeatable levels by time:
     D:5: 2258 daAuts
  Lair:2: 2207 daAuts
     D:9: 2086 daAuts
    D:14: 1649 daAuts
  Lair:3: 1562 daAuts
    D:13: 1520 daAuts
     D:7: 1419 daAuts
     D:8: 1398 daAuts
  Bailey: 1357 daAuts
  Lair:1: 1329 daAuts
     D:3: 1189 daAuts
     D:2: 1097 daAuts
     D:6: 981 daAuts
     D:4: 976 daAuts
    D:12: 968 daAuts
